 Dungeon Crawl Stone Soup version 0.26-a0-665-gefeb406119 (webtiles) character file.

Game seed: 2640406437074269725

612 ANON1729 the Skirmisher (level 7, -3/106 HPs)
             Began as a Palentonga Wanderer on Oct 15, 2020.
             Killed from afar by a white imp (5 damage)
             ... with a puff of frost
             ... in the Ecumenical Temple.
             The game lasted 00:05:18 (4574 turns).

ANON1729 the Skirmisher (Palentonga Wanderer)       Turns: 4574, Time: 00:05:18

Health: -3/106     AC: 23    Str: 20    XL:     7   Next: 20%
Magic:  7/7        EV:  1    Int: 12    God:
Gold:   231        SH:  0    Dex:  7    Spells: 6/6 levels left

rFire    . . .     SeeInvis +   a - +2 shortbow
rCold    . . .     Faith    .   (shield currently unavailable)
rNeg     + + +     Spirit   .   (armour currently unavailable)
rPois    +         Reflect  .   (helmet currently unavailable)
rElec    .         Harm     .   (cloak currently unavailable)
rCorr    .         Rampage  .   (gloves currently unavailable)
MR       .....     NoTele   +   (no barding)
Stlth    +.........             (no amulet)
HPRegen  0.27/turn              (no ring)
MPRegen  0.10/turn              (no ring)

@: brilliant, tree-form
A: large, rugged brown scales 3, see invisible
a: no special abilities


You were in the Ecumenical Temple.
You were a tree.
You visited 2 branches of the dungeon, and saw 6 of its levels.

You collected 231 gold pieces.

Inventory:

Hand Weapons
 a - a +2 shortbow (weapon)
 f - a +0 dagger
Missiles
 b - 36 arrows (quivered)
 w - 2 javelins
Armour
 e - a +0 robe (melded)
 o - a +0 tower shield
 q - a +1 pair of gloves (melded)
Jewellery
 x - an uncursed ring of protection from cold {unknown}
Scrolls
 c - 3 scrolls of teleportation
 h - 3 scrolls of identify {unknown}
 i - 2 scrolls of enchant weapon {unknown}
 j - a scroll of fog {unknown}
 k - a scroll of enchant armour {unknown}
 p - 2 scrolls of immolation {unknown}
 s - 3 scrolls of remove curse {unknown}
 v - a scroll of fear {unknown}
 y - a scroll of random uselessness {unknown}
Potions
 d - a potion of lignification
 g - a potion of might {unknown}
 l - a potion of stabbing {unknown}
 m - a potion of brilliance
 n - a potion of ambrosia {unknown}
 r - 2 potions of degeneration {unknown}
 t - a potion of mutation {unknown}
 u - 2 potions of curing {unknown}


   Skills:
 * Level 7.8 Fighting
 - Level 1.6 Bows
 - Level 3.4 Armour
 - Level 1.5 Stealth


You had 6 spell levels left.
You didn't know any spells.
Your spell library was empty.

Dungeon Overview and Level Annotations

Branches:
Dungeon (5/15)             Temple (1/1) D:5

Altars:
Hepliaklqana
Kikubaaqudgha
Nemelex Xobeh
Trog
Uskayaw
Vehumet
Wu Jian
The Shining One


Innate Abilities, Weirdness & Mutations

(You are completely covered in rugged brown scales. (AC +3, +7% HP))
You have supernaturally acute eyesight. (SInv)
((Armour fits poorly on your strangely shaped body.))
((You can roll at foes to attack.))
((You have a long armoured tail.))


Message History

* * * LOW HITPOINT WARNING * * *
Firing (i - inventory. (/) - cycle)
b - 37 arrows (quivered)
Press: ? - help, Shift-Dir - straight line, f/p - white imp
Aim: a white imp (lightly wounded)
You shoot an arrow. The arrow hits the white imp.
The white imp is moderately wounded.
The white imp gestures at you. The puff of frost hits you!
* * * LOW HITPOINT WARNING * * *
Really quaff the potion of lignification?
You turn into a tree.
Your +1 pair of gloves melds into your body.
Your +0 robe melds into your body.
Your roots penetrate the ground.
The sentinel's mark upon you fades away.
The white imp hits you but does no damage.
It was a potion of brilliance.
You feel clever all of a sudden. The white imp gestures at you.
The puff of frost hits you.
You die...

.. ..... .. .##.
#.(. .##. .....
... .....
##._.##.##._.##
...............
.##.##.<.##.##._
................
##.⌠.##5##.⌠.##.
.......♣........
.##.##._.##.##._
....... .
._.##.##._. #...
... ...# ### ._.
### ... #####


You could see a white imp.

Vanquished Creatures
  An ogre (D:4)
  A howler monkey (D:5)
  A jelly (D:5)
  An orc wizard (D:4)
  A centaur skeleton (D:4)
  An iguana (D:5)
  4 worker ants
  2 hound skeletons
  4 gnolls (D:3)
  10 adders
  3 oozes
  An adder zombie (D:5)
  3 adder skeletons
  4 worms
  A dart slug (D:1)
  4 leopard geckos
  7 orcs
  2 ball pythons
  2 giant cockroaches
  6 goblins
  2 hobgoblins
  7 jackals
  A quokka (D:4)
  10 bats
  7 frilled lizards
  7 kobolds
  10 rats
103 creatures vanquished.

Notes
Turn   | Place    | Note
-------+----------+-------------------------------------------
     0 | D:1      | ANON1729 the Palentonga Wanderer began the quest for the
                  | Orb.
     0 | D:1      | ANON1729 set off with the following items: a +2 shortbow,
                  | 25 arrows, a scroll of teleportation, a potion of
                  | lignification, a +0 robe, a +0 dagger
     0 | D:1      | Reached XP level 1. HP: 18/18 MP: 1/1
   107 | D:1      | Reached XP level 2. HP: 23/25 MP: 2/2
   533 | D:2      | Reached XP level 3. HP: 32/32 MP: 3/3
   563 | D:2      | Reached skill level 3 in Fighting
  1380 | D:2      | Reached XP level 4. HP: 42/42 MP: 4/4
  1860 | D:3      | Reached skill level 4 in Fighting
  2422 | D:3      | Reached XP level 5. HP: 50/50 MP: 5/5
  2714 | D:3      | Reached skill level 5 in Fighting
  2861 | D:3      | HP: 2/51 [poisoned by an adder]
  2869 | D:3      | HP: 1/51 [poisoned by an adder]
  3564 | D:4      | Reached skill level 6 in Fighting
  3564 | D:4      | Reached XP level 6. HP: 49/60 MP: 6/6
  3821 | D:4      | Reached skill level 7 in Fighting
  4066 | D:5      | Entered Level 5 of the Dungeon
  4229 | D:5      | Reached XP level 7. HP: 70/70 MP: 7/7
  4543 | D:5      | Found a staircase to the Ecumenical Temple.
  4561 | Temple   | Entered the Ecumenical Temple
  4572 | Temple   | HP: 1/71 [white imp/puff of frost (11)]
  4574 | Temple   | Killed from afar by a white imp

Illustrated notes

Levels and vault maps discovered:
D:1:      matt_arrival_refuge, layout_rooms
D:2:      layout_rooms, serial_co_window_serial, co_window_paths_a,
          co_window_corner_a, co_window_of_opportunity_a, co_window_corner_a,
          co_window_paths_b, co_window_cross_1, co_window_2corner,
          co_window_broadway_c, co_window_of_opportunity_b, co_window_corner_cb,
          chequers_serial_rivers_micro_e
D:3:      layout_loops_corners
D:4:      layout_rooms
D:5:      layout_basic, minmay_temple_entry_mini_moons
Temple:   grunt_wide_crystal_templ

Skill      XL: |  1  2  3  4  5  6 |
---------------+-------------------+-----
Fighting       | 3 4 6 7 |  7.8
Bows           | |  1.6
Armour         | |  3.4
Stealth        | |  1.5

Action                   |  1- 3 |  4- 6 |  7- 9 || total
-------------------------+-------+-------+-------++-------
 Fire: Shortbow          |    78 |   197 |    41 ||   316
  Use: Potion            |       |       |     2 ||     2
Armor: Robe              |    19 |    68 |    15 ||   102
       Skin              |       |       |     1 ||     1
Dodge: Dodged            |    15 |    61 |    16 ||    92

Table legend: (Time is in decaauts)
 A = Elapsed time spent in this place.
 B = Non-inter-level travel time spent in this place.
 C = Inter-level travel time spent in this place.
 D = Time resting spent in this place.
 E = Time spent auto-exploring this place.
 F = Levels seen in this place.
 G = Mean time per level.
                   A        B        C        D        E       F      G
               +--------+--------+--------+--------+--------+-----+--------+
         Total |   4645 |   4575 |     70 |    792 |   3119 |   6 |  774.2 |
       Dungeon |   4631 |   4561 |     70 |    792 |   3119 |   5 |  926.2 |
        Temple |     14 |     14 |      0 |      0 |      0 |   1 |   14.0 |
               +--------+--------+--------+--------+--------+-----+--------+

Top non-repeatable levels by time:
     D:3: 1747 daAuts
     D:2: 1191 daAuts
     D:4: 687 daAuts
     D:5: 505 daAuts
     D:1: 499 daAuts
  Temple: 14 daAuts
